 Dungeon Crawl Stone Soup version 0.26-a0-752-gcff87cac9a (webtiles) character file.

Game seed: 10214860685483933670

263 mhtbhm the Cudgeler (level 6, -7/39 HPs)
             Began as a Gargoyle Berserker on Nov 7, 2020.
             Was a Believer of Trog.
             Mangled by an orc
             ... wielding a cursed -1 war axe
              (8 damage)
             ... on level 3 of the Dungeon.
             The game lasted 00:02:21 (1835 turns).

mhtbhm the Cudgeler (Gargoyle Berserker)            Turns: 1835, Time: 00:02:22

Health: -7/39      AC:  6    Str: 23    XL:     6   Next: 19%
Magic:  6/6        EV: 12    Int:  7    God:    Trog [**....]
Gold:   94         SH:  0    Dex:  9    Spells: 5/5 levels left

rFire    . . .     SeeInvis .   a - +0 mace
rCold    . . .     Faith    .   (no shield)
rNeg     + . .     Spirit   .   b - +0 animal skin
rPois    ∞         Reflect  .   (no helmet)
rElec    +         Harm     .   (no cloak)
rCorr    .         Rampage  .   (no gloves)
MR       .....                  (no boots)
Stlth    +.........             (no amulet)
HPRegen  0.13/turn              (no ring)
MPRegen  0.10/turn              (no ring)

@: berserk cooldown, slowed, very slow
A: negative energy resistance 1, electricity resistance, unbreathing,
petrification resistance, rot immunity, AC +4
a: Berserk, Trog's Hand, Renounce Religion


You were on level 3 of the Dungeon.
You worshipped Trog.
Trog was pleased with you.
You visited 1 branch of the dungeon, and saw 3 of its levels.

You collected 94 gold pieces.

Inventory:

Hand Weapons
 a - a +0 mace (weapon)
Armour
 b - a +0 animal skin (worn)
Jewellery
 c - an uncursed ring of fire
 k - an uncursed ring of poison resistance {unknown}
 p - a cursed ring of teleportation {unknown}
Scrolls
 e - a scroll of enchant weapon {unknown}
 f - a scroll of noise {unknown}
 i - a scroll of amnesia {unknown}
 n - 2 scrolls of identify {unknown}
Potions
 d - 3 potions of attraction {unknown}
 g - a potion of curing {unknown}
 h - 2 potions of berserk rage {unknown}
 j - a potion of degeneration {unknown}
 l - a potion of haste {unknown}
 m - a potion of lignification {unknown}
 o - a potion of ambrosia {unknown}


   Skills:
 + Level 4.6 Fighting
 + Level 5.2 Maces & Flails
 + Level 2.4 Armour
 + Level 2.4 Dodging
 + Level 1.4 Stealth


You had 5 spell levels left.
You didn't know any spells.
Your spell library was empty.

Dungeon Overview and Level Annotations

Branches:
Dungeon (3/15)

Altars:
Kikubaaqudgha
Nemelex Xobeh
Sif Muna
Vehumet


Innate Abilities, Weirdness & Mutations

You are resistant to torment.
Your stone body is resilient. (AC +4)
You are immune to poison.
You resist negative energy. (rN+)
You are resistant to electric shocks. (rElec)
You can survive without breathing.
You are immune to petrification.
You are immune to rotting.


Message History

Things that are here:
a +0 dagger; a kobold corpse You hit the orc.
The orc is moderately wounded.
The orc barely misses you. The orc hits you but does no damage.
You thump the orc!
You kill the orc!
Trog accepts your kill. The orc hits you but does no damage.
The orc barely misses you. The orc closely misses you.
Things that are here:
a +0 hand axe; a stone You hit the orc but do no damage.
The orc hits you with a cursed -1 war axe!
* * * LOW HITPOINT WARNING * * *
You hit the orc but do no damage.
The orc hits you with a cursed -1 war axe.
* * * LOW HITPOINT WARNING * * *
The orc hits you with a cursed -1 war axe!
You die...

## .## #.
#.###. #
##..#.
#.##....#
#.#.....##
#......<.#
###...o.##
##.)@.#
##)#)#
#.#.#
.....
##[....
######. ##


You could see an orc.

Vanquished Creatures
  Sigmund (D:3)
  Terence (D:2)
  A gnoll (D:1)
  2 oozes
  4 dart slugs
  2 leopard geckos
  2 orcs (D:3)
  A ball python (D:1)
  3 bats
  A giant cockroach (D:2)
  10 hobgoblins
  6 kobolds
  A quokka (D:2)
  3 frilled lizards
  3 goblins
  5 rats
46 creatures vanquished.

Notes
Turn   | Place    | Note
-------+----------+-------------------------------------------
     0 | D:1      | mhtbhm the Gargoyle Berserker began the quest for the Orb.
     0 | D:1      | Reached XP level 1. HP: 14/14 MP: 1/1
    38 | D:1      | Reached XP level 2. HP: 15/19 MP: 2/2
   444 | D:1      | Reached XP level 3. HP: 24/24 MP: 3/3
   502 | D:1      | You fall into a shaft and drop 1 floor!
   552 | D:2      | Noticed Terence
   563 | D:2      | Killed Terence
   563 | D:2      | Reached XP level 4. HP: 25/29 MP: 4/4
   566 | D:2      | Reached skill level 4 in Maces & Flails
   704 | D:2      | Reached ** piety under Trog
   757 | D:2      | Found a sparkling altar of Nemelex Xobeh.
  1233 | D:2      | Found a radiant altar of Vehumet.
  1239 | D:2      | Found an ancient bone altar of Kikubaaqudgha.
  1240 | D:2      | Found a shimmering blue altar of Sif Muna.
  1798 | D:3      | Noticed Sigmund
  1811 | D:3      | Killed Sigmund
  1811 | D:3      | Reached skill level 5 in Maces & Flails
  1811 | D:3      | Reached skill level 1 in Stealth
  1811 | D:3      | Reached XP level 5. HP: 23/34 MP: 5/5
  1811 | D:3      | Reached XP level 6. HP: 26/39 MP: 6/6
  1835 | D:3      | HP: 1/39 [orc/cursed -1 war axe (6)]
  1835 | D:3      | Mangled by an orc

Illustrated notes

Levels and vault maps discovered:
D:1:      scummos_arrival_simple_crosswalls, layout_basic
D:2:      layout_basic, grunt_temple_overflow_magic_moments, old_standard_altar,
          uniq_terence
D:3:      layout_loops_ring, uniq_sigmund

Skill      XL: |  1  2  3  4 |
---------------+-------------+-----
Fighting       | 4 |  4.6
Maces & Flails | 5 |  5.2
Dodging        | 2 |  2.4
Stealth        | 1 |  1.4
Armour         | |  2.4

Action                   |  1- 3 |  4- 6 || total
-------------------------+-------+-------++-------
Melee: Mace              |    65 |    88 ||   153
Invok: Berserk           |       |     1 ||     1
Armor: Animal skin       |    16 |    29 ||    45
Dodge: Dodged            |    38 |    56 ||    94

Table legend: (Time is in decaauts)
 A = Elapsed time spent in this place.
 B = Non-inter-level travel time spent in this place.
 C = Inter-level travel time spent in this place.
 D = Time resting spent in this place.
 E = Time spent auto-exploring this place.
 F = Levels seen in this place.
 G = Mean time per level.
                   A        B        C        D        E       F      G
               +--------+--------+--------+--------+--------+-----+--------+
         Total |   1869 |   1845 |     24 |    200 |   1286 |   3 |  623.0 |
       Dungeon |   1869 |   1845 |     24 |    200 |   1286 |   3 |  623.0 |
               +--------+--------+--------+--------+--------+-----+--------+

Top non-repeatable levels by time:
     D:1: 1038 daAuts
     D:2: 786 daAuts
     D:3: 44 daAuts
